 Dungeon Sprint DCSS version 0.26-a0-597-gb535b0901c (webtiles) character file.

Game seed: 12694928237069708914

298 HoaS the Brawler (level 9, 0/48 HPs)
             Began as a Gargoyle Gladiator on Sept 6, 2020.
             Was a High Priest of Makhleb.
             Slain by the 27-headed Lernaean hydra (6 damage)
             ... in the Dungeon (Sprint VI: "Thunderdome").
             The game lasted 00:06:50 (806 turns).

HoaS the Brawler (Gargoyle Gladiator)                Turns: 806, Time: 00:06:52

Health: 0/48       AC: 10    Str: 21    XL:     9   Next: 80%
Magic:  9/9        EV: 12    Int:  9    God:    Makhleb [*****.]
Gold:   0          SH:  0    Dex: 11    Spells: 8/8 levels left

rFire    . . .     SeeInvis .     - Unarmed
rCold    . . .     Faith    .   (no shield)
rNeg     + . .     Spirit   .   a - +0 leather armour
rPois    ∞         Reflect  .   b - +0 helmet
rElec    +         Harm     .   (no cloak)
rCorr    .         NoTele   +   (no gloves)
MR       .....                  (no boots)
Stlth    +.........             (no amulet)
HPRegen  0.16/turn              (no ring)
MPRegen  0.11/turn              (no ring)

@: no status effects
A: negative energy resistance 1, electricity resistance, unbreathing,
petrification resistance, rot immunity, AC +6
a: Minor Destruction, Lesser Servant of Makhleb, Major Destruction, Greater
Servant of Makhleb, Renounce Religion


You were in the Dungeon.
You worshipped Makhleb.
Makhleb was extremely pleased with you.
You visited 1 branch You collected 600 gold pieces.
You spent 600 gold pieces at shops.

Inventory:

Missiles
 c - 3 throwing nets (quivered)
Armour
 a - a +0 leather armour (worn)
 b - a +0 helmet (worn)
Wands
 k - a wand of acid (5)
 l - a wand of iceblast (5)
 n - a wand of flame (17)
Scrolls
 i - 4 scrolls of blinking
 m - 3 scrolls of fog
Potions
 d - a potion of curing
 e - 2 potions of heal wounds
 f - 3 potions of haste
 g - 2 potions of magic
 h - a potion of berserk rage
 j - a potion of resistance


   Skills:
 - Level 2.1 Fighting
 - Level 1.7 Throwing
 - Level 2.4 Dodging
 + Level 18.6 Unarmed Combat


You had 8 spell levels left.
You didn't know any spells.
Your spell library was empty.

Dungeon Overview and Level Annotations

Branches:
Dungeon (1/1)

Altars:
Cheibriados
Dithmenos
Fedhas
Gozag
Kikubaaqudgha
Makhleb
Okawaru
Qazlal
Ru
Sif Muna
Trog
Uskayaw
Vehumet
Wu Jian
Xom
Yredelemnul
Zin
The Shining One
Beogh
Jiyva
Lugonu

Shops:
D *[??*?*:[((!!!!

Annotations:
D Lernaean hydra


Innate Abilities, Weirdness & Mutations

You are resistant to torment.
Your stone body is resilient. (AC +6)
You are immune to poison.
You resist negative energy. (rN+)
You are resistant to electric shocks. (rElec)
You can survive without breathing.
You are immune to petrification.
You are immune to rotting.


Message History

You feel more experienced!
Your Unarmed Combat skill increases to level 18!
You have reached level 9!
Your experience leads to an increase in your attributes!
Increase (S)trength, (I)ntelligence, or (D)exterity?
You feel stronger.
The 27-headed Lernaean hydra comes into view.
The 27-headed Lernaean hydra roars deafeningly!
Things that are here:
a +0 animal skin; a +0 vampiric spear; the gnoll corpse of Grum The 27-headed Lernaean hydra bites you!
The 27-headed Lernaean hydra misses you.
The 27-headed Lernaean hydra completely misses you.
The 27-headed Lernaean hydra bites you. The 27-headed Lernaean hydra bites you!
The 27-headed Lernaean hydra bites you. x2
* * * LOW HITPOINT WARNING * * *
The 27-headed Lernaean hydra bites you.
* * * LOW HITPOINT WARNING * * *
The 27-headed Lernaean hydra bites you.
You die...

#∩..)....∩# #_......._#
#_........# #_......._#
###.........###
#⌠...........⌠#
######.8.........8.######
#.___..[[..###...D..___∩##
∩........8)# #.8@.......∩###
..........(###.............##
.....)..###...###..........⌠#
........# #.<.# #.†[.......⌠#
........###..(###..........⌠#
...........###†............##
∩........8.# #.8...†....∩###
#∩___......###......__.∩##
######.8.........8.######


You could see the 27-headed Lernaean hydra.

Vanquished Creatures
  Grum (D)
  2 phantoms (D)
  5 wolves (D)
  A big kobold (D)
  3 wights (D)
  A hound (D)
  2 jellies (D)
  Ijyb (D)
  3 oozes (D)
  An adder zombie (D)
  2 goblins (D)
  2 hobgoblins (D)
24 creatures vanquished.

Notes
Turn   | Place    | Note
-------+----------+-------------------------------------------
     0 | D        | HoaS the Gargoyle Gladiator began the quest for the Orb.
     0 | D        | Reached XP level 1. HP: 12/12 MP: 1/1
     1 | D        | Found a roughly hewn altar of Beogh.
     1 | D        | Found a bloodstained altar of Trog.
     2 | D        | Found a snail-covered altar of Cheibriados.
     3 | D        | Found an ancient bone altar of Kikubaaqudgha.
     3 | D        | Found a burning altar of Makhleb.
     4 | D        | Found a viscous altar of Jiyva.
     4 | D        | Found a stormy altar of Qazlal.
     4 | D        | Found Ceptaare's Staff Store.
     4 | D        | Found Iploymaf's Magic Scroll Shop.
     5 | D        | Found Ybrudoss's Must-Have Magic.
     5 | D        | Found Iwna Fuo's Magic Scroll Shop.
     5 | D        | Round 1.
    11 | D        | Found an iron altar of Okawaru.
    24 | D        | Reached skill level 4 in Unarmed Combat
    27 | D        | Became a worshipper of Makhleb the Destroyer
    37 | D        | Found a sacrificial altar of Ru.
    37 | D        | Found Epot's Distillery.
    37 | D        | Found Loggadgh's Distillery.
    38 | D        | Found Nuan's Bottled Wisdom.
    39 | D        | Found a corrupted altar of Lugonu.
    39 | D        | Found a glowing golden altar of the Shining One.
    39 | D        | Found Numuxil's Do-It-Yourself Clinic.
    46 | D        | Found a shimmering blue altar of Sif Muna.
    50 | D        | Found a blossoming altar of Fedhas.
    53 | D        | Found a basalt altar of Yredelemnul.
    53 | D        | Found an opulent altar of Gozag.
    53 | D        | Found an ornate altar of the Wu Jian Council.
    53 | D        | Found Tewom's Weapon Rack.
    53 | D        | Found Ediarr's Premium Goods.
    54 | D        | Found Jedeph's Basic Armour.
    54 | D        | Found Burryfino's Miscellaneous Merchandise.
    57 | D        | Found a glowing silver altar of Zin.
    61 | D        | Found a hide-covered altar of Uskayaw.
    66 | D        | Reached skill level 5 in Unarmed Combat
    66 | D        | Reached XP level 2. HP: 17/17 MP: 2/2
    67 | D        | Found a radiant altar of Vehumet.
    67 | D        | Found Dustatha's Identification Station.
    68 | D        | Found Luqo's Advanced Armour.
    68 | D        | Found Teja's Jewellery.
    69 | D        | Found a shimmering altar of Xom.
    69 | D        | Found a shadowy altar of Dithmenos.
    80 | D        | Reached * piety under Makhleb
    80 | D        | Reached skill level 7 in Unarmed Combat
    80 | D        | Reached XP level 3. HP: 6/21 MP: 3/3
   127 | D        | Arena points: 12 (+12) [x2]
   127 | D        | Reached skill level 8 in Unarmed Combat
   127 | D        | Reached XP level 4. HP: 23/26 MP: 4/4
   199 | D        | Round 2.
   202 | D        | Noticed Ijyb
   215 | D        | Killed Ijyb
   215 | D        | Reached skill level 9 in Unarmed Combat
   317 | D        | Reached ** piety under Makhleb
   338 | D        | Noticed a big kobold
   349 | D        | Killed a big kobold
   349 | D        | Reached *** piety under Makhleb
   349 | D        | Arena points: 54 (+42) [x3]
   349 | D        | Reached skill level 11 in Unarmed Combat
   349 | D        | Reached XP level 5. HP: 27/30 MP: 5/5
   393 | D        | Round 3.
   440 | D        | Noticed a phantom
   456 | D        | Reached skill level 12 in Unarmed Combat
   456 | D        | Reached XP level 6. HP: 10/35 MP: 6/6
   478 | D        | Killed a phantom
   478 | D        | Reached **** piety under Makhleb
   478 | D        | Reached skill level 13 in Unarmed Combat
   480 | D        | Noticed a phantom
   497 | D        | Killed a phantom
   497 | D        | Reached skill level 14 in Unarmed Combat
   497 | D        | Reached XP level 7. HP: 40/40 MP: 7/7
   522 | D        | Arena points: 138 (+84) [x4]
   544 | D        | Bought a potion of experience for 300 gold pieces
   544 | D        | Reached skill level 16 in Unarmed Combat
   544 | D        | Reached XP level 8. HP: 44/44 MP: 8/8
   565 | D        | Round 4.
   572 | D        | Noticed Grum
   583 | D        | Killed Grum
   636 | D        | Reached skill level 17 in Unarmed Combat
   674 | D        | Reached ***** piety under Makhleb
   716 | D        | Arena points: 298 (+160) [x5]
   786 | D        | Round 5.
   798 | D        | Bought a potion of experience for 300 gold pieces
   798 | D        | Reached skill level 18 in Unarmed Combat
   798 | D        | Reached XP level 9. HP: 46/48 MP: 9/9
   803 | D        | Noticed the 27-headed Lernaean hydra
   806 | D        | Slain by the 27-headed Lernaean hydra

Illustrated notes

Levels and vault maps discovered:
D:        arena_sprint

Skill      XL: |  1  2  3  4  5  6  7  8 |
---------------+-------------------------+-----
Unarmed Combat | 5 7 8 11 12 14 16 18 | 18.6
Fighting       | |  2.1
Throwing       | |  1.7
Dodging        | |  2.4

Action                   |  1- 3 |  4- 6 |  7- 9 || total
-------------------------+-------+-------+-------++-------
Melee: Unarmed           |    28 |    50 |    36 ||   114
       Punch             |     1 |     1 |     4 ||     6
  Use: Potion            |     1 |     1 |     3 ||     5
Armor: Leather armour    |    13 |    13 |    10 ||    36
Dodge: Dodged            |    11 |    15 |    13 ||    39

Table legend: (Time is in decaauts)
 A = Elapsed time spent in this place.
 B = Non-inter-level travel time spent in this place.
 C = Inter-level travel time spent in this place.
 D = Time resting spent in this place.
 E = Time spent auto-exploring this place.
 F = Levels seen in this place.
 G = Mean time per level.
                   A        B        C        D        E       F      G
               +--------+--------+--------+--------+--------+-----+--------+
         Total |    763 |    739 |     24 |    248 |     57 |   1 |  763.0 |
       Dungeon |    763 |    739 |     24 |    248 |     57 |   1 |  763.0 |
               +--------+--------+--------+--------+--------+-----+--------+

Top non-repeatable levels by time:
       D: 763 daAuts
